 Dungeon Crawl Stone Soup version 0.29-a0-972-g43c84944fd (webtiles) character file.

Game seed: 17059931237314657914

551 BritishOli the Trooper (level 7, -6/55 HPs)
             Began as a Demonspawn Fighter on July 31, 2022.
             Killed from afar by Sigmund (9 damage)
             ... with a magic dart
             ... on level 5 of the Dungeon.
             The game lasted 00:05:35 (4360 turns).

BritishOli the Trooper (Demonspawn Fighter)         Turns: 4360, Time: 00:05:35

Health: -6/55      AC: 12    Str: 19    XL:     7   Next: 7%
Magic:  7/7        EV:  9    Int:  9    God:
Gold:   296        SH: 14    Dex: 12    Spells: 6/6 levels left

rFire   . . .      SeeInvis .   o - +0 war axe (elec)
rCold   . . .      Faith    .   c - +0 buckler
rNeg    . . .      Spirit   .   b - +0 scale mail
rPois   .          Reflect  +   (no helmet)
rElec   .          Harm     .   p - +0 cloak
rCorr   .          Rampage  .   (no gloves)
Will    .....                   (no boots)
Stlth   ..........              f - amulet of reflection
HPRegen 0.18/turn               (no ring)
MPRegen 0.10/turn               (no ring)

@: no status effects
A: icemail 1, condensation shield, demonic magic 1, weakness stinger 1
a: no special abilities


You were on level 5 of the Dungeon.
You visited 1 branch of the dungeon, and saw 5 of its levels.
You also visited: Ossuary.

You collected 296 gold pieces.

Inventory:

Hand Weapons
 a - a +0 long sword
 o - a +0 war axe of electrocution (weapon)
Armour
 b - a +0 scale mail (worn)
 c - a +0 buckler (worn)
 p - a +0 cloak (worn)
Jewellery
 f - an amulet of reflection (around neck)
 l - an amulet of magic regeneration
 D - a +6 ring of strength
Wands
 m - a wand of polymorph (9)
 w - a wand of digging (4)
Scrolls
 g - 2 scrolls of torment {unknown}
 h - a scroll of enchant armour {unknown}
 i - 5 scrolls of immolation {unknown}
 j - 2 scrolls of vulnerability {unknown}
 n - a scroll of amnesia {unknown}
 q - 2 scrolls of teleportation {unknown}
 s - a scroll of fog {unknown}
 u - a scroll of fear {unknown}
 v - a scroll of noise {unknown}
 x - 9 scrolls of identify {unknown}
 y - a scroll of acquirement {unknown}
 E - a scroll of silence {unknown}
Potions
 d - a potion of might
 e - 2 potions of berserk rage {unknown}
 k - a potion of invisibility {unknown}
 r - a potion of heal wounds {unknown}
 t - 2 potions of haste
 z - a potion of flight {unknown}
 A - a potion of brilliance {unknown}
 B - 2 potions of curing {unknown}
 C - a potion of attraction {unknown}


   Skills:
 + Level 4.7 Fighting
 - Level 2.2 Long Blades
 + Level 2.7 Axes
 + Level 4.4 Armour
 + Level 4.3 Shields


You had 6 spell levels left.
You didn't know any spells.
Your spell library contained the following spells:

 Spells                   Type           Power      Damage    Failure   Level
 Foxfire                  Conj/Fire      0%         2x1d4     83%         1
 Necrotise                Necr           0%         1d4       83%         1
 Slow                     Hex            0%         N/A       83%         1
 Static Discharge         Conj/Air       0%         3-3/arc   93%         2
 Confusing Touch          Hex            0%         N/A       99%         3
 Conjure Flame            Conj/Fire      0%         6-21      99%         3
 Inner Flame              Hex/Fire       0%         N/A       99%         3
 Vampiric Draining        Necr           0%         2d6       99%         3
 Cause Fear               Hex            0%         N/A       100%        4
 Dispel Undead            Necr           0%         3d6       100%        4
 Flame Wave               Conj/Fire      0%         2d4       100%        4
 Sticky Flame             Conj/Fire      0%         2d3       100%        4
 Discord                  Hex            0%         N/A       100%        8


Dungeon Overview and Level Annotations

Branches:
Dungeon (5/15)            Ossuary (visited)
 Temple: D:4-7

Altars:
Kikubaaqudgha

Shops:
D:1 =

Annotations:
D:5 Sigmund


Innate Abilities, Weirdness & Mutations

A meltable icy envelope protects you from harm. (AC +4)
A meltable shield of frost defends you. (SH +4)
Spells you cast may paralyse adjacent enemies.
You have a small tail.


Message History

Something hits you but does no damage. You block something's attack.
You block something's attack. Something hits you!
You hear some strange, mumbled words.
A magic dart appears from out of thin air!
The magic dart hits you. You block something's attack.
You block something's attack. Something hits you.
You hear some strange, mumbled words.
A magic dart appears from out of thin air!
The magic dart hits you but does no damage.
Something hits you. Something hits you. You block something's attack.
Something hits you. Something hits you.
* * * LOW HITPOINT WARNING * * *
Something hits you but does no damage. Something hits you but does no damage.
Your icy envelope is restored.
Something hits you!
* * * LOW HITPOINT WARNING * * *
You block something's attack.
Sigmund appears from thin air!
Reactivating autopickup.
Sigmund points at you and mumbles some strange words.
The puff of flame misses you. You block Sigmund's attack.
Sigmund barely misses you. You block Sigmund's attack.
You block Sigmund's attack. You block Sigmund's attack.
Sigmund gestures at you while chanting. The magic dart hits you!
* * * LOW HITPOINT WARNING * * *
Sigmund points at you and mumbles some strange words.
The magic dart hits you!
You die...

.## #####.#... #..
#.....#...
#.###+##.....+...
#.##........##...
#####.##........##...
#.....>+........##...
#.##.##.##........##...
#........'........##...
####.#@###.........'...
#@..#.........#...
#.#.#....##'#.....
#.#.#....##.#....#
###.#######.#....#
.........#....#
........###...#
..##....+......
#....#######


You could see Sigmund.

Vanquished Creatures
  An elf zombie (Ossuary)
  A scorpion (D:4)
  3 centaur zombies (Ossuary)
  An orc priest (D:3)
  3 hound zombies (Ossuary)
  3 mummies (Ossuary)
  Robin (D:3)
  3 adders
  4 gnolls (D:2)
  An ufetubus (D:4)
  6 adder zombies (Ossuary)
  A worm (D:4)
  6 dart slugs
  9 orcs
  5 ball pythons
  7 bats
  6 endoplasms
  A giant cockroach (D:1)
  14 goblins
  7 hobgoblins
  3 jackals (D:4)
  A quokka (D:2)
  4 frilled lizards
  3 gnoll zombies (Ossuary)
  3 goblin zombies (Ossuary)
  2 hobgoblin zombies (Ossuary)
  2 jackal zombies (Ossuary)
  8 kobolds
  4 kobold zombies (Ossuary)
  An orc zombie (Ossuary)
  3 quokka zombies (Ossuary)
  3 rats
  4 rat zombies (Ossuary)
124 creatures vanquished.

Notes
Turn   | Place    | Note
-------+----------+-------------------------------------------
     0 | D:1      | BritishOli the Demonspawn Fighter began the quest for the
                  | Orb.
     0 | D:1      | Reached XP level 1. HP: 18/18 MP: 1/1
   229 | D:1      | Gained mutation: A meltable shield of frost defends you.
                  | (SH +4) [demonic ancestry]
   229 | D:1      | Reached XP level 2. HP: 24/24 MP: 2/2
   433 | D:1      | Found Qenir's Jewellery Emporium.
  1031 | D:1      | Gained mutation: You have a small tail. [demonic ancestry]
  1031 | D:1      | Reached XP level 3. HP: 29/29 MP: 3/3
  1325 | D:2      | Identified the +2 robe of Generosity {Dex+2 Archmagi}
  1527 | D:2      | Found an ancient bone altar of Kikubaaqudgha.
  1620 | D:2      | Reached XP level 4. HP: 5/35 MP: 4/4
  2074 | D:2      | Reached skill level 1 in Axes
  2465 | D:3      | Noticed Robin
  2482 | D:3      | Killed Robin
  2680 | D:3      | Found a faded altar of an unknown god.
  2692 | D:3      | Got Plato's Spellbook of Sinister Liturgies
  2734 | D:3      | Gained mutation: A meltable icy envelope protects you from
                  | harm. (AC +4) [demonic ancestry]
  2734 | D:3      | Reached XP level 5. HP: 42/42 MP: 5/5
  3555 | D:4      | Found a sand-covered staircase.
  3579 | Ossuary  | Entered an ossuary
  3634 | Ossuary  | Reached XP level 6. HP: 48/48 MP: 6/6
  4047 | D:4      | Gained mutation: Spells you cast may paralyse adjacent
                  | enemies. [demonic ancestry]
  4047 | D:4      | Reached XP level 7. HP: 51/55 MP: 7/7
  4155 | D:5      | Entered Level 5 of the Dungeon
  4314 | D:5      | Noticed Sigmund
  4359 | D:5      | HP: 2/55 [Sigmund/magic dart (7)]
  4360 | D:5      | Killed from afar by Sigmund

Illustrated notes

Levels and vault maps discovered:
D:1:      erik_arrival_triangle_small, layout_basic, serial_shops,
          nicolae_shop_hallway_plus, minivault_5, minmay_surrounded
D:2:      layout_basic, basic_altar, minmay_tromino_i4
D:3:      minmay_door_path, layout_loops_ring,
          shapermc_ecumenical_altar_rom_forum, chequers_decorated_corner,
          chequers_mini_garden, minmay_misc_feat_hallway, uniq_robin
D:4:      layout_loops_ring, lightli_ossuary_entry_decrepit_ruins
D:5:      layout_basic, mainiacjoe_overflow_alcove_1,
          mainiacjoe_overflow_tiny_flanked, ebering_ghost_rock_garden,
          uniq_sigmund

Skill      XL: |  1  2  3  4  5  6 |
---------------+-------------------+-----
Long Blades    | 2 |  2.2
Armour         | 3 4 |  4.4
Shields        | 3 4 |  4.3
Axes           | 1 2 |  2.7
Fighting       | 4 |  4.7

Action                   |  1- 3 |  4- 6 |  7- 9 || total
-------------------------+-------+-------+-------++-------
Melee: Long sword        |    68 |       |       ||    68
       War axe           |    18 |   168 |    28 ||   214
       Tailslap          |     1 |    23 |     3 ||    27
Armor: Scale mail        |    29 |    76 |    12 ||   117
Dodge: Dodged            |    15 |    59 |     8 ||    82
Block: Buckler           |    66 |   159 |    31 ||   256
       Reflection        |     4 |     1 |     1 ||     6

Table legend: (Time is in decaauts)
 A = Elapsed time spent in this place.
 B = Non-inter-level travel time spent in this place.
 C = Inter-level travel time spent in this place.
 D = Time resting spent in this place.
 E = Time spent auto-exploring this place.
 F = Levels seen in this place.
 G = Mean time per level.
                   A        B        C        D        E       F      G
               +--------+--------+--------+--------+--------+-----+--------+
         Total |   4479 |   4127 |    352 |    144 |   3216 |   6 |  746.5 |
       Dungeon |   4038 |   3686 |    352 |    144 |   2979 |   5 |  807.6 |
       Ossuary |    440 |    440 |      0 |      0 |    237 |   1 |  440.0 |
               +--------+--------+--------+--------+--------+-----+--------+

Top non-repeatable levels by time:
     D:1: 1420 daAuts
     D:3: 1095 daAuts
     D:2: 1035 daAuts
 Ossuary: 440 daAuts
     D:4: 277 daAuts
     D:5: 208 daAuts
